 Dungeon Crawl Stone Soup version 0.32-a0-460-gc8eefc90e7 (webtiles) character file.

Game seed: 567603010173756046

1519 Morbidden the Conjurer (level 8, -3/58 HPs)
             Began as a Vine Stalker Conjurer on Feb 24, 2024.
             Was an Initiate of Cheibriados.
             Slain by a steam dragon (7 damage)
             ... on level 6 of the Dungeon.
             The game lasted 00:06:14 (5882 turns).

Morbidden the Conjurer (Vine Stalker Conjurer)      Turns: 5882, Time: 00:06:15

Health: -3/58      AC: 24    Str:  7    XL:     8   Next: 84%
Magic:  0/17       EV:  2    Int: 27    God:    Cheibriados [......]
Gold:   148        SH:  0    Dex: 19    Spells: 11/18 levels left

rFire   . . .        a - +7 dagger of Zuofauleti {venom, Str-3 Int+6 Dex+4}
rCold   . . .        g - orb {*channel}
rNeg    . . .        w - melded +0 leather armour
rPois   +            (helmet currently unavailable)
rElec   .            z - melded +0 cloak
rCorr   .            (gloves currently unavailable)
SInv    .            p - melded +2 pair of boots {Fly}
Will    +....        q - amulet of the acrobat
Stlth   +++          (no ring)
HPRegen 1.09/turn    (no ring)
MPRegen 0.15/turn

%: acrobat, guardian spirit, channel magic (20%)
@: tree-form, very slow
A: stationary, stasis, torment immunity, boosted hp, (fangs 3), regeneration 1,
magic shield, (antimagic bite), no potion heal 2
a: Renounce Religion


You were on level 6 of the Dungeon.
You worshipped Cheibriados.
Cheibriados was noncommittal.
You were a tree.
You visited 2 branches of the dungeon, and saw 7 of its levels.

You collected 184 gold pieces.
You spent 36 gold pieces at shops.

Inventory:

Hand Weapons
 a - the +7 dagger of Zuofauleti (weapon) {venom, Str-3 Int+6 Dex+4}
   (You found it on level 2 of the Dungeon)

   Str-3:     It affects your strength (-3).
   Int+6:     It affects your intelligence (+6).
   Dex+4:     It affects your dexterity (+4).
Armour
 g - an orb of energy (worn)
 p - a +2 pair of boots of flying (melded)
 w - a +0 leather armour (melded)
 z - a +0 cloak (melded)
Jewellery
 q - an amulet of the acrobat (around neck)
Wands
 v - a wand of paralysis (2)
Scrolls
 c - 4 scrolls of identify
 d - 2 scrolls of fear
 h - 2 scrolls of enchant weapon
 s - 3 scrolls of brand weapon
 u - a scroll of enchant armour {unknown}
 x - a scroll of summoning {unknown}
 y - a scroll of poison {unknown}
 A - a scroll of blinking {unknown}
Potions
 b - a potion of magic
 e - a potion of mutation {unknown}
 f - a potion of cancellation {unknown}
 i - a potion of lignification
 j - 2 potions of curing {unknown}
 k - a potion of brilliance {unknown}
 l - 2 potions of resistance {unknown}
 n - a potion of might {unknown}
 o - a potion of invisibility {unknown}
 t - a potion of enlightenment {unknown}


   Skills:
 * Level 2.9 Fighting
 * Level 3.2 Short Blades
 + Level 0.6 Armour
 * Level 3.2 Dodging
 + Level 3.6 Stealth
 * Level 5.9 Spellcasting
 * Level 6.8 Conjurations
 * Level 2.0 Translocations
 * Level 1.3 Invocations


You had 11 spell levels left.
You knew the following spells:

 Your Spells              Type           Power      Damage    Failure   Level
a - Magic Dart            Conj           100%       1d8       3%          1
b - Searing Ray           Conj           88%        2d7       4%          2
z - Iskenderun's Mystic   Conj/Tloc      32%        2d8       26%         4

Your spell library contained the following spells:

 Spells                   Type           Power      Damage    Failure   Level
 Sting                    Conj/Alch      100%       1d9       7%          1
 Apportation              Tloc           38%        N/A       10%         1
 Static Discharge         Conj/Air       52%        3-6/arc   10%         2
 Necrotise                Necr           32%        1d5       19%         1
 Summon Small Mammal      Summ           32%        N/A       19%         1
 Scorch                   Fire           16%        2d5       24%         2
 Flame Wave               Conj/Fire      26%        2d8       34%         4
 Fulminant Prism          Conj/Alch      13%        3d9       34%         4
 Inner Flame              Hex/Fire       8%         N/A       41%         3
 Airstrike                Air            4%         2d(1-17)  75%         4
 Sticky Flame             Fire/Alch      8%         2d4       75%         4
 Summon Lightning Spire   Summ/Air       8%         N/A       75%         4
 Summon Cactus Giant      Summ           4%         N/A       100%        6


Dungeon Overview and Level Annotations

Branches:
Dungeon (6/15)             Temple (1/1) D:5

Altars:
Cheibriados
Elyvilon
Kikubaaqudgha
Okawaru
Sif Muna
Trog
Vehumet
Wu Jian
Xom
Yredelemnul
The Shining One

Shops:
D:3 !

Annotations:
D:4 2 transporters, 1 runed translucent door, Crazy Yiuf; sunet's ghost, amateur MiFi


Innate Abilities, Weirdness & Mutations

You are a tree.
Your roots penetrate the ground, keeping you stationary.
You cannot be teleported.
You are immune to unholy pain and torment.
Your maximum health is greatly increased.
Your equipment is partially melded.
((You have razor-sharp teeth.))
Your natural rate of healing is unusually fast.
When hurt, damage is shared between your health and your magic reserves.
((Your bite disrupts and absorbs the magic of your enemies.))
Potions cannot restore your health.


Message History

You hit the steam dragon.
The steam dragon looks as sick as possible!
The steam dragon is severely wounded.
The steam dragon breathes steam at you. The ball of steam hits you.
Unknown command.
Unknown command.
You hit the steam dragon but do no damage.
The steam dragon looks as sick as possible!
You bite the steam dragon, but do no damage.
The steam dragon is severely wounded.
You are engulfed in a cloud of scalding steam.
* * * LOW HITPOINT WARNING * * *
The steam dragon bites you.
* * * LOW HITPOINT WARNING * * *
The steam dragon claws you.
* * * LOW HITPOINT WARNING * * *
Unknown command.
Unknown command.
Unknown command.
Okay, then.
Okay, then.
Unknown command.
Okay, then.
Okay, then.
You turn into a tree.
Your +0 cloak melds into your body.
Your +2 pair of boots of flying melds into your body.
Your +0 leather armour melds into your body.
You float gracefully downwards.
Your roots penetrate the ground.
You are engulfed in a cloud of scalding steam.
The steam dragon bites you but does no damage.
The steam dragon claws you but does no damage.
Unknown command.
Aiming: Paralyse
Press: ? - help, Shift-Dir - straight line, f - steam dragon
Aim: a steam dragon (almost dead, extremely poisoned, catching its breath, chance to affect: 49%)
The steam dragon resists with some effort.
The steam dragon bites you!
You die...
Cheibriados appreciates the motionlessness of death.

#.... .# ##... ... ##.#
~♣ ##.## #.# ~.. #...#
.# #.# .... #...# .#
##'# ....o ...# .# ##...
......###.###.# ##....
......D♣......# #.....
.....####.....####......
.................+).....
# ##.#####....####......
#.#.## ##..... #.###
##.... #.# ##... #.#
##+# #.# ##### #.#


You could see a steam dragon (extremely poisoned, catching breath) and an orc.

Vanquished Creatures
  Pikel (D:5)
  Grinder (D:3)
  Eustachio (D:5)
  A centaur (D:5)
  A gnoll sergeant (D:5)
  A scorpion (D:5)
  3 hounds
  An orc priest (D:4)
  2 bombardier beetles
  A jelly (D:6)
  A gnoll bouda (D:4)
  2 iguanas
  8 gnolls
  5 adders
  A shadow imp (D:6)
  3 dart slugs
  3 ribbon worms
  5 orcs
  3 endoplasms
  4 giant cockroaches
  9 goblins
  8 hobgoblins
  6 jackals
  5 quokkas
  6 ball pythons
  6 bats
  2 frilled lizards (D:2)
  8 kobolds
  6 rats
104 creatures vanquished.

Notes
Turn   | Place    | Note
-------+----------+-------------------------------------------
     0 | D:1      | Morbidden the Vine Stalker Conjurer began the quest for the
                  | Orb.
     0 | D:1      | Reached XP level 1. HP: 9/9 MP: 4/4
   186 | D:1      | Reached XP level 2. HP: 14/14 MP: 3/6
  1023 | D:1      | Learned a level 2 spell: Searing Ray
  1058 | D:2      | Reached XP level 3. HP: 17/17 MP: 4/7
  1063 | D:2      | Reached skill level 1 in Short Blades
  1524 | D:2      | Reached XP level 4. HP: 21/21 MP: 5/9
  1766 | D:2      | Identified the +7 dagger of Zuofauleti {venom, Str-3 Int+6
                  | Dex+4}
  2274 | D:3      | Noticed Grinder
  2281 | D:3      | Paralysed by Grinder for 4 turns
  2289 | D:3      | Killed Grinder
  2290 | D:3      | Reached skill level 1 in Fighting
  2290 | D:3      | Reached skill level 5 in Conjurations
  2290 | D:3      | Reached XP level 5. HP: 19/25 MP: 0/11
  2290 | D:3      | Reached XP level 6. HP: 23/30 MP: 0/12
  2847 | D:3      | Found Witz's Distillery.
  2855 | D:3      | Bought a potion of lignification for 36 gold pieces
  2964 | D:4      | Learned a level 4 spell: Iskenderun's Mystic Blast
  3096 | D:4      | Found a transporter.
  3130 | D:4      | Found an ornate altar of the Wu Jian Council.
  3237 | D:4      | Noticed sunet's ghost (amateur MiFi)
  3280 | D:4      | Found a transporter.
  3483 | D:3      | Reached XP level 7. HP: 21/34 MP: 5/14
  3774 | D:4      | Found a runed translucent door.
  3775 | D:4      | Noticed Crazy Yiuf
  4046 | D:4      | Found a transporter.
  4161 | D:4      | Found an ornate altar of the Wu Jian Council.
  4191 | D:4      | Found a transporter.
  4454 | D:5      | Entered Level 5 of the Dungeon
  4476 | D:5      | Noticed Eustachio
  4494 | D:5      | Killed Eustachio
  4741 | D:5      | Reached skill level 1 in Translocations
  4810 | D:5      | Reached skill level 5 in Spellcasting
  4810 | D:5      | Reached skill level 6 in Conjurations
  4858 | D:5      | Gained mutation: You have razor-sharp teeth. [Vine Stalker
                  | growth]
  4858 | D:5      | Reached XP level 8. HP: 39/39 MP: 11/16
  5004 | D:5      | Found a staircase to the Ecumenical Temple.
  5014 | Temple   | Entered the Ecumenical Temple
  5023 | Temple   | Became a worshipper of Cheibriados the Contemplative
  5107 | D:5      | Noticed Pikel
  5196 | D:5      | Killed Pikel
  5197 | D:5      | Reached skill level 1 in Invocations
  5880 | D:6      | HP: 1/39 [steam dragon (3)]
  5882 | D:6      | Slain by a steam dragon

Illustrated notes

Levels and vault maps discovered:
D:1:      ncdulo_watergridlock, layout_loops_ring
D:2:      layout_basic, minmay_misc_feat_x, nicolae_titane
D:3:      layout_rooms, serial_shops, shop, minmay_misc_feat_rows, uniq_grinder
D:4:      layout_rooms, mainiacjoe_overflow_24_doors, gammafunk_ghost_mausoleum,
          uniq_crazy_yiuf_cottage
D:5:      layout_cave_pods, minmay_temple_entry_large_hall, uniq_eustachio,
          uniq_pikel
D:6:      layout_loops_corners, nicolae_ru_great_annihilating_truth,
          biasface_ghost_orc_armoury, serial_bayou_ford_a
Temple:   nicolae_temple_two_arcs

Skill      XL: |  1  2  3  4  5  6  7  8 |
---------------+-------------------------+-----
Short Blades   | 1 2 3 |  3.2
Dodging        | 2 3 |  3.2
Fighting       | 1 2 |  2.9
Spellcasting   | 3 4 5 |  5.9
Conjurations   | 5 6 |  6.8
Stealth        | 3 |  3.6
Translocations | 1 2 |  2.0
Invocations    | 1 |  1.3
Armour         | |  0.6

Action                     |  1- 3 |  4- 6 |  7- 9 || total
---------------------------+-------+-------+-------++-------
  Melee: Unarmed           |     4 |       |       ||     4
         Bite              |     8 |     7 |    11 ||    26
         Dagger            |    15 |    29 |    45 ||    89
   Cast: Magic Dart        |    60 |    74 |    56 ||   190
         Searing Ray       |       |     6 |    10 ||    16
  Evoke: Wand              |       |       |     1 ||     1
    Use: Scroll            |       |       |     5 ||     5
         Potion            |       |       |     1 ||     1
   Stab: Sleeping          |       |     2 |       ||     2
 Armour: Robe              |    19 |    21 |       ||    40
         Leather armour    |       |       |    35 ||    35
         Skin              |       |       |     4 ||     4
  Dodge: Dodged            |    18 |    37 |    56 ||   111

Table legend: (Time is in decaauts)
 A = Elapsed time spent in this place.
 B = Non-inter-level travel time spent in this place.
 C = Inter-level travel time spent in this place.
 D = Time resting spent in this place.
 E = Time spent auto-exploring this place.
 F = Levels seen in this place.
 G = Mean time per level.
                   A        B        C        D        E       F      G
               +--------+--------+--------+--------+--------+-----+--------+
         Total |   6086 |   5752 |    334 |    258 |   4733 |   7 |  869.4 |
       Dungeon |   6065 |   5742 |    323 |    258 |   4733 |   6 | 1010.8 |
        Temple |     21 |     11 |     10 |      0 |      0 |   1 |   21.0 |
               +--------+--------+--------+--------+--------+-----+--------+

Top non-repeatable levels by time:
     D:5: 1414 daAuts
     D:4: 1291 daAuts
     D:1: 1213 daAuts
     D:2: 1034 daAuts
     D:3: 915 daAuts
     D:6: 195 daAuts
  Temple: 21 daAuts
